SAAA
PAWNEE PARKSNREC @ HIALEAH DODOS
07/18/2042
 
TOP OF THE 1ST
Pawnee ParksNRec batting - Pitching for Hialeah Dodos : RHP Nam Yee Yong
Pitching: RHP Nam Yee Yong
Batting: RHB Hiroshige Ohashi 0-0: Ball
1-0: Swinging Strike
1-1: Ball
2-1: Swinging Strike
2-2: Ground out 4-3 (Groundball, 4S, EV 83.8 MPH)
Batting: RHB Charles Atkinson 0-0: Ground out 4-3 (Groundball, 4S, EV 68.8 MPH)
Batting: RHB Josh Mawdesley 0-0: Called Strike
0-1: Foul Ball, location: 2F
0-2: Foul Ball, location: 2F
0-2: Ball
1-2: Ball
2-2: Ball
3-2: Ground out U3 (Groundball, 34, EV 85.0 MPH)
Top of the 1st over - 0 runs, 0 hits, 0 errors, 0 left on base; Pawnee 0 - Hialeah 0
BOTTOM OF THE 1ST
Hialeah Dodos batting - Pitching for Pawnee ParksNRec : RHP José Espinosa
Pitching: RHP José Espinosa
Batting: RHB Sergio San Martín 0-0: Called Strike
0-1: Fly out, F7 (Flyball, 7D, EV 103.1 MPH)
Batting: RHB Chrysler Rodriguez 0-0: Ball
1-0: Ball
2-0: Foul Ball, location: 2F
2-1: Ground out 6-3 (Groundball, 6MS, EV 69.4 MPH)
Batting: RHB Juan Reyes 0-0: Ball
1-0: Ball
2-0: Ball
3-0: Called Strike
3-1: Swinging Strike
3-2: Ground out 6-3 (Groundball, 6, EV 88.1 MPH)
Bottom of the 1st over - 0 runs, 0 hits, 0 errors, 0 left on base; Pawnee 0 - Hialeah 0
TOP OF THE 2ND
Pawnee ParksNRec batting - Pitching for Hialeah Dodos : RHP Nam Yee Yong
Batting: LHB Won-shik Yi 0-0: Called Strike
0-1: Called Strike
0-2: Fly out, F8 (Flyball, 78D, EV 90.6 MPH)
Batting: RHB Elmer Kent 0-0: Called Strike
0-1: Ground out 3-1 (Groundball, 34, EV 95.0 MPH)
Batting: RHB Bartolo Álvarez 0-0: Ball
1-0: Ball
2-0: Called Strike
2-1: Fly out, F7 (Flyball, 7S, EV 86.9 MPH)
Top of the 2nd over - 0 runs, 0 hits, 0 errors, 0 left on base; Pawnee 0 - Hialeah 0
BOTTOM OF THE 2ND
Hialeah Dodos batting - Pitching for Pawnee ParksNRec : RHP José Espinosa
Batting: RHB Mulia Muljana 0-0: Called Strike
0-1: Ball
1-1: DOUBLE (Line Drive, 9LS, EV 92.5 MPH)
Batting: LHB Dallas McMurran 0-0: Foul Ball, location: 2F
0-1: Ball
1-1: Ball
2-1: Ball
3-1: Swinging Strike
3-2: Fly out, F8 (Flyball, 8RM, EV 88.8 MPH)
Batting: LHB Ramón Morterero 0-0: Called Strike
0-1: Ball
1-1: Foul Ball, location: 2F
1-2: Foul Ball, location: 2F
1-2: Foul Ball, location: 2F
1-2: Ball
2-2: Fly out, F8 (Flyball, 78M, EV 80.0 MPH)
Batting: RHB Eddie Neef 0-0: Ball
1-0: Ball
2-0: Ball
3-0: Base on Balls
Batting: LHB Gabriel Montoya 0-0: Ball
1-0: Swinging Strike
1-1: Swinging Strike
1-2: Ball
2-2: Foul Ball, location: 2F
2-2: Strikes out swinging
Bottom of the 2nd over - 0 runs, 1 hit, 0 errors, 2 left on base; Pawnee 0 - Hialeah 0
TOP OF THE 3RD
Pawnee ParksNRec batting - Pitching for Hialeah Dodos : RHP Nam Yee Yong
Batting: RHB Baldwin Biele 0-0: Foul Ball, location: 2F
0-1: SINGLE (Groundball, 56D, EV 105.6 MPH)
Batting: RHB Ashton Bailey 0-0: Ball
1-0: Foul Ball, location: 2F
1-1: Ball
2-1: Swinging Strike
2-2: Strikes out swinging
Batting: RHB Henry Kent 0-0: Ball
1-0: Foul Ball, location: 2F
1-1: Ball
2-1: Fly out, F3 (Popup, 3SF, EV 82.5 MPH)
Batting: RHB Hiroshige Ohashi 0-0: Foul Ball, location: 2F
0-1: Called Strike
0-2: Ball
1-2: Fielders Choice at 2nd, 6-4 (Groundball, 6, EV 106.2 MPH)
Top of the 3rd over - 0 runs, 1 hit, 0 errors, 1 left on base; Pawnee 0 - Hialeah 0
BOTTOM OF THE 3RD
Hialeah Dodos batting - Pitching for Pawnee ParksNRec : RHP José Espinosa
Batting: SHB Xavier Mercier 0-0: Called Strike
0-1: Swinging Strike
0-2: Ball
1-2: Ground out 4-3 (Groundball, 4, EV 78.8 MPH)
Batting: RHB Sergio San Martín 0-0: Ball
1-0: Ground out 6-3 (Groundball, 6, EV 86.9 MPH)
Batting: RHB Chrysler Rodriguez 0-0: Swinging Strike
0-1: Ball
1-1: Ball
2-1: Fly out, F8 (Flyball, 78M, EV 90.0 MPH)
Bottom of the 3rd over - 0 runs, 0 hits, 0 errors, 0 left on base; Pawnee 0 - Hialeah 0
TOP OF THE 4TH
Pawnee ParksNRec batting - Pitching for Hialeah Dodos : RHP Nam Yee Yong
Batting: RHB Charles Atkinson 0-0: Ball
1-0: Swinging Strike
1-1: Foul Ball, location: 2F
1-2: Ball
2-2: Foul Ball, location: 2F
2-2: Foul Ball, location: 2F
2-2: Fly out, F5 (Popup, 56, EV 62.5 MPH)
Batting: RHB Josh Mawdesley 0-0: Swinging Strike
0-1: Swinging Strike
0-2: DOUBLE (Flyball, 78D, EV 103.1 MPH)
Batting: LHB Won-shik Yi 0-0: Ball
1-0: Ball
2-0: Ball
3-0: Base on Balls
Batting: RHB Elmer Kent 0-0: Grounds into double play, 6-4-3 (Groundball, 6, EV 86.2 MPH)
Top of the 4th over - 0 runs, 1 hit, 0 errors, 1 left on base; Pawnee 0 - Hialeah 0
BOTTOM OF THE 4TH
Hialeah Dodos batting - Pitching for Pawnee ParksNRec : RHP José Espinosa
Batting: RHB Juan Reyes 0-0: Called Strike
0-1: Ball
1-1: Ground out 1-6-3 (Groundball, 15S, EV 102.5 MPH)
Batting: RHB Mulia Muljana 0-0: Called Strike
0-1: Ball
1-1: Foul Ball, location: 2F
1-2: Strikes out swinging
Batting: LHB Dallas McMurran 0-0: Ball
1-0: Ball
2-0: Swinging Strike
2-1: DOUBLE (Flyball, 89XD, EV 96.9 MPH)
Batting: LHB Ramón Morterero 0-0: Ball
1-0: Foul Ball, location: 2F
1-1: Ball
2-1: Called Strike
2-2: Ball
3-2: Base on Balls
Batting: RHB Eddie Neef 0-0: Ball
1-0: Called Strike
1-1: Swinging Strike
1-2: Ball
2-2: Ball
3-2: Strikes out looking
Bottom of the 4th over - 0 runs, 1 hit, 0 errors, 2 left on base; Pawnee 0 - Hialeah 0
TOP OF THE 5TH
Pawnee ParksNRec batting - Pitching for Hialeah Dodos : RHP Nam Yee Yong
Batting: RHB Bartolo Álvarez 0-0: Ball
1-0: Foul Ball, location: 2F
1-1: Ball
2-1: SINGLE (Line Drive, 9S, EV 105.0 MPH)
Batting: RHB Baldwin Biele 0-0: Called Strike
Bartolo Álvarez steals 2nd base
0-1: Called Strike
0-2: Ball
1-2: Ball
2-2: Ball
3-2: Strikes out swinging
Batting: RHB Ashton Bailey 0-0: Foul Ball, location: 2F
0-1: Foul Ball, location: 2F
0-2: Ball
1-2: DOUBLE (Line Drive, 7LD, EV 105.0 MPH)
Bartolo Álvarez scores
Batting: RHB Henry Kent 0-0: Ball
Wild Pitch!
Ashton Bailey to third
1-0: Ball
2-0: Ball
3-0: Called Strike
3-1: Base on Balls
Batting: RHB Hiroshige Ohashi 0-0: Called Strike
0-1: Foul Ball, location: 2F
0-2: Strikes out swinging
Batting: RHB Charles Atkinson 0-0: Ball
1-0: Foul Ball, location: 2F
1-1: Ball
2-1: Foul Ball, location: 2F
2-2: Foul Ball, location: 2F
2-2: Ball
3-2: SINGLE (Line Drive, 9LS, EV 88.1 MPH)
Ashton Bailey scores
Henry Kent to second
Henry Kent to third
Pitching: RHP Henry Henry
Batting: RHB Josh Mawdesley 0-0: Ball
1-0: Ball
2-0: Swinging Strike
2-1: Ball
3-1: Called Strike
3-2: Base on Balls
Charles Atkinson to second
Pitching: RHP Phil Britt
Batting: LHB Won-shik Yi 0-0: SINGLE (Groundball, 3D, EV 95.6 MPH)
Henry Kent scores
Charles Atkinson to third
Josh Mawdesley to second
Runner from 3rd tries for Home, SAFE, no throw by RF
Batting: RHB Elmer Kent 0-0: Ball
1-0: Ball
2-0: Called Strike
2-1: Ball
3-1: Base on Balls
Josh Mawdesley to third
Won-shik Yi to second
Batting: RHB Bartolo Álvarez 0-0: SINGLE (Line Drive, 78M, EV 100.0 MPH)
Josh Mawdesley scores
Won-shik Yi to third
Elmer Kent to second
Batting: RHB Baldwin Biele 0-0: Swinging Strike
0-1: Ball
1-1: Ball
2-1: SINGLE (Line Drive, 78M, EV 85.6 MPH)
Won-shik Yi scores
Elmer Kent to third
Bartolo Álvarez to second
Runner from 3rd tries for Home, SAFE, throw by LF to home
Bartolo Álvarez to third
Baldwin Biele to second
Batting: RHB Ashton Bailey 0-0: Called Strike
0-1: Foul Ball, location: 2F
0-2: Ball
1-2: Strikes out swinging
Top of the 5th over - 7 runs, 6 hits, 0 errors, 2 left on base; Pawnee 7 - Hialeah 0
BOTTOM OF THE 5TH
Hialeah Dodos batting - Pitching for Pawnee ParksNRec : RHP José Espinosa
Batting: LHB Gabriel Montoya 0-0: Swinging Strike
0-1: Foul Ball, location: 2F
0-2: Foul Ball, location: 2F
0-2: SINGLE (Groundball, 3D, EV 98.8 MPH)
Batting: SHB Xavier Mercier 0-0: Ball
1-0: Fly out, F7 (Line Drive, 7, EV 100.0 MPH)
Batting: RHB Sergio San Martín 0-0: Ball
Gabriel Montoya steals 2nd base (no throw)
1-0: Ball
2-0: Called Strike
2-1: Swinging Strike
2-2: Ground out 5-3 (Groundball, 56, EV 86.9 MPH)
Batting: RHB Chrysler Rodriguez 0-0: Swinging Strike
0-1: Ball
1-1: Ball
2-1: Ball
3-1: Base on Balls
Batting: RHB Juan Reyes 0-0: Ball
1-0: Swinging Strike
1-1: Ball
2-1: DOUBLE (Flyball, 89D, EV 85.6 MPH)
Gabriel Montoya scores
Chrysler Rodriguez to third
Runner from 3rd tries for Home, SAFE, throw by RF to trailing runner, SAFE at third!
Batting: RHB Mulia Muljana 0-0: Swinging Strike
0-1: Ball
1-1: Ball
2-1: Foul Ball, location: 2F
2-2: Ball
3-2: TRIPLE (Flyball, 9D, EV 95.0 MPH)
Juan Reyes scores
Batting: LHB Dallas McMurran 0-0: Called Strike
0-1: Ball
1-1: Ball
2-1: Ball
3-1: Base on Balls
Pitching: RHP Ronald Wolfe
Batting: LHB Ramón Morterero 0-0: Foul Ball, location: 2F
0-1: Foul Ball, location: 2F
0-2: Fly out, F8 (Flyball, 8RS, EV 84.4 MPH)
Bottom of the 5th over - 3 runs, 3 hits, 0 errors, 2 left on base; Pawnee 7 - Hialeah 3
TOP OF THE 6TH
Pawnee ParksNRec batting - Pitching for Hialeah Dodos : RHP Phil Britt
Batting: RHB Henry Kent 0-0: Swinging Strike
0-1: Ball
1-1: Foul Ball, location: 2F
1-2: Strikes out swinging
Batting: RHB Hiroshige Ohashi 0-0: Called Strike
0-1: Ball
1-1: Ball
2-1: Foul Ball, location: 2F
2-2: Foul Ball, location: 2F
2-2: Foul Ball, location: 2F
2-2: Foul Ball, location: 2F
2-2: Strikes out swinging
Batting: RHB Charles Atkinson 0-0: Called Strike
0-1: Ball
1-1: Ball
2-1: Ball
3-1: Foul Ball, location: 2F
3-2: SINGLE (Line Drive, 34, EV 101.9 MPH)
Batting: RHB Josh Mawdesley 0-0: Ball
1-0: Called Strike
1-1: Ball
2-1: Called Strike
2-2: Ball
3-2: Fly out, F6 (Popup, 6M, EV 52.5 MPH)
Top of the 6th over - 0 runs, 1 hit, 0 errors, 1 left on base; Pawnee 7 - Hialeah 3
BOTTOM OF THE 6TH
Hialeah Dodos batting - Pitching for Pawnee ParksNRec : RHP Ronald Wolfe
Batting: RHB Eddie Neef 0-0: Called Strike
0-1: Fly out, F9 (Flyball, 9LM, EV 96.9 MPH)
Batting: LHB Gabriel Montoya 0-0: Ground out 1-3 (Groundball, 15S, EV 70.6 MPH)
Batting: SHB Xavier Mercier 0-0: Ball
1-0: Ground out 4-3 (Groundball, 4, EV 101.2 MPH)
Bottom of the 6th over - 0 runs, 0 hits, 0 errors, 0 left on base; Pawnee 7 - Hialeah 3
TOP OF THE 7TH
Pawnee ParksNRec batting - Pitching for Hialeah Dodos : RHP Phil Britt
Batting: LHB Won-shik Yi 0-0: Ball
1-0: Foul Ball, location: 2F
1-1: Swinging Strike
1-2: Ball
2-2: Ball
3-2: Ground out 3-1 (Groundball, 34, EV 105.0 MPH)
Batting: RHB Elmer Kent 0-0: Ball
1-0: Ball
2-0: Ground out U3 (Groundball, 3, EV 81.9 MPH)
Batting: RHB Bartolo Álvarez 0-0: Ball
1-0: Ball
2-0: Foul Ball, location: 2F
2-1: Ball
3-1: Base on Balls
Batting: RHB Baldwin Biele 0-0: Ball
1-0: Ball
2-0: Ball
3-0: Base on Balls
Bartolo Álvarez to second
Pitching: RHP Wendell Drabek
Batting: RHB Ashton Bailey 0-0: Ball
1-0: Called Strike
1-1: Fly out, F4 (Popup, 4, EV 61.2 MPH)
Top of the 7th over - 0 runs, 0 hits, 0 errors, 2 left on base; Pawnee 7 - Hialeah 3
BOTTOM OF THE 7TH
Hialeah Dodos batting - Pitching for Pawnee ParksNRec : RHP Ronald Wolfe
Batting: RHB Sergio San Martín 0-0: Foul Ball, location: 2F
0-1: Foul Ball, location: 2F
0-2: Strikes out looking
Batting: RHB Chrysler Rodriguez 0-0: Ball
1-0: Swinging Strike
1-1: Called Strike
1-2: Fly out, F8 (Flyball, 8LD, EV 97.5 MPH)
Batting: RHB Juan Reyes 0-0: SINGLE (Line Drive, 3D, EV 104.4 MPH)
Batting: RHB Mulia Muljana 0-0: Ball
1-0: Foul Ball, location: 2F
1-1: Fly out, F7 (Flyball, 7S, EV 78.1 MPH)
Bottom of the 7th over - 0 runs, 1 hit, 0 errors, 1 left on base; Pawnee 7 - Hialeah 3
TOP OF THE 8TH
Pawnee ParksNRec batting - Pitching for Hialeah Dodos : RHP Wendell Drabek
Batting: RHB Henry Kent 0-0: Called Strike
0-1: Ball
1-1: Ball
2-1: Called Strike
2-2: Strikes out swinging
Batting: RHB Hiroshige Ohashi 0-0: Called Strike
0-1: Ground out 6-3 (Groundball, 6, EV 106.2 MPH)
Batting: RHB Charles Atkinson 0-0: Called Strike
0-1: Ball
1-1: Ground out 1-3 (Groundball, P, EV 71.2 MPH)
Top of the 8th over - 0 runs, 0 hits, 0 errors, 0 left on base; Pawnee 7 - Hialeah 3
BOTTOM OF THE 8TH
Hialeah Dodos batting - Pitching for Pawnee ParksNRec : RHP Ronald Wolfe
Batting: LHB Dallas McMurran 0-0: Ball
1-0: Fly out, F9 (Flyball, 9S, EV 88.8 MPH)
Batting: LHB Ramón Morterero 0-0: Ball
1-0: Called Strike
1-1: Ball
2-1: Foul Ball, location: 2F
2-2: Ground out 1-3 (Groundball, 13S, EV 76.2 MPH)
Batting: RHB Eddie Neef 0-0: Ball
1-0: Ball
2-0: Ball
3-0: Called Strike
3-1: Base on Balls
Batting: LHB Gabriel Montoya 0-0: Called Strike
0-1: Swinging Strike
0-2: Strikes out swinging
Bottom of the 8th over - 0 runs, 0 hits, 0 errors, 1 left on base; Pawnee 7 - Hialeah 3
TOP OF THE 9TH
Pawnee ParksNRec batting - Pitching for Hialeah Dodos : RHP Wendell Drabek
Batting: RHB Josh Mawdesley 0-0: Foul Ball, location: 2F
0-1: Ball
1-1: Ball
2-1: Ball
3-1: Ground out 5-3 (Groundball, 56S, EV 82.5 MPH)
Batting: LHB Won-shik Yi 0-0: Ball
1-0: Ball
2-0: Foul Ball, location: 2F
2-1: Foul Ball, location: 2F
2-2: SINGLE (Line Drive, 34D, EV 100.0 MPH)
Batting: RHB Elmer Kent 0-0: Swinging Strike
0-1: Ball
1-1: Foul Ball, location: 2F
1-2: Strikes out swinging
Batting: RHB Bartolo Álvarez 0-0: Foul Ball, location: 2F
0-1: Foul Ball, location: 2F
0-2: Strikes out swinging
Top of the 9th over - 0 runs, 1 hit, 0 errors, 1 left on base; Pawnee 7 - Hialeah 3
BOTTOM OF THE 9TH
Hialeah Dodos batting - Pitching for Pawnee ParksNRec : RHP Ronald Wolfe
Pitching: RHP John McNeill
Batting: SHB Xavier Mercier 0-0: Ball
1-0: Ball
2-0: Called Strike
2-1: SINGLE (Line Drive, 56D, EV 109.4 MPH)
Batting: RHB Sergio San Martín 0-0: Called Strike
0-1: Ball
1-1: Swinging Strike
1-2: Strikes out swinging
Batting: RHB Chrysler Rodriguez 0-0: Ball
1-0: Ball
2-0: Called Strike
2-1: Foul Ball, location: 2F
2-2: SINGLE (Groundball, 56D, EV 95.0 MPH)
Xavier Mercier to second
Batting: RHB Juan Reyes 0-0: Called Strike
0-1: Ball
1-1: SINGLE (Groundball, 56D, EV 100.0 MPH)
Xavier Mercier to third
Chrysler Rodriguez to second
Batting: RHB Mulia Muljana 0-0: SINGLE (Line Drive, 7S, EV 96.9 MPH)
Xavier Mercier scores
Chrysler Rodriguez to third
Juan Reyes to second
Batting: LHB Dallas McMurran 0-0: Called Strike
0-1: Foul Ball, location: 2F
0-2: Ball
1-2: Foul Ball, location: 2F
1-2: Ball
2-2: GRAND SLAM HOME RUN (Flyball, 89XD, EV 99.4 MPH), Distance : 423 ft
Friday, March 26th, 2021 - OOTP Baseball 20.8 Build 74